 Dungeon Crawl Stone Soup version 0.27-a0-1149-g4505690ab0 (webtiles) character file.

Game seed: 7033520474478536740

83 bilbop the Magician (level 4, -3/32 HPs)
             Began as a Djinni Air Elementalist on May 12, 2021.
             Slain by Ijyb
             ... wielding a +5 spectral club
              (10 damage)
             ... on level 2 of the Dungeon.
             The game lasted 00:18:52 (3328 turns).

bilbop the Magician (Djinni Air Elementalist)       Turns: 3328, Time: 00:18:52

Health: -3/32      AC:  5    Str:  7    XL:     4   Next: 71%
Gold:   79         EV: 12    Int: 17    God:
                   SH:  0    Dex: 14

rFire    + + .     SeeInvis .   e - +1 dagger (protect)
rCold    x . .     Faith    +   (no shield)
rNeg     . . .     Spirit   .   k - +2 animal skin
rPois    ∞         Reflect  .   l - +0 helmet
rElec    .         Harm     .   (no cloak)
rCorr    .         Rampage  .   (no gloves)
Will     .....                  (boots unavailable)
Stlth    ++........             j - amulet of faith
HPRegen  0.10/turn              (no ring)
MPRegen  0.00/turn              (no ring)

@: flying
A: sickness immunity, fire resistance 2, cold vulnerability 1, float, innate
caster, hp casting, extra vitality 1
a: no special abilities


You were on level 2 of the Dungeon.
You visited 1 branch of the dungeon, and saw 3 of its levels.

You collected 79 gold pieces.

Inventory:

Hand Weapons
 b - a +0 short sword
 e - a +1 dagger of protection (weapon)
Armour
 a - a +0 robe
 k - a +2 animal skin (worn)
 l - a +0 helmet (worn)
Jewellery
 j - an amulet of faith (around neck)
Scrolls
 f - a scroll of amnesia {unknown}
 g - 2 scrolls of identify {unknown}
 h - 3 scrolls of teleportation {unknown}
 i - a scroll of fog {unknown}
Potions
 c - a potion of attraction {unknown}
 d - 2 potions of curing {unknown}
 m - a potion of haste {unknown}


   Skills:
 + Level 1.4 Fighting
 + Level 1.2 Long Blades
 - Level 2.1 Dodging
 + Level 2.2 Stealth
 * Level 3.1 Spellcasting


You couldn't memorise any spells.
You knew the following spells:

 Your Spells              Type           Power      Damage    Failure   Level
a - Shock                 Conj/Air       52%        1d6       4%          1
b - Static Discharge      Conj/Air       13%        N/A       7%          2
c - Swiftness             Air            13%        N/A       14%         3
d - Airstrike             Air            6%         N/A       43%         4
e - Lightning Bolt        Conj/Air       6%         1d18      78%         5
f - Foxfire               Conj/Fire      52%        2x1d6     4%          1
Your spell library was empty.

Dungeon Overview and Level Annotations

Branches:
Dungeon (3/15)

Altars:

Shops:
D:1 (

Annotations:
D:2 Ijyb, Sigmund


Innate Abilities, Weirdness & Mutations

You are immune to sickness and miasma.
You are immune to poison.
Your flesh is very heat resistant. (rF++)
You are vulnerable to cold. (rC-)
You float through the air rather than walking.
You learn spells naturally, not from books.
Your magical power is your life essence.
You have superior vitality. (+4 HP)


Message History

Ijyb is almost dead.
You are struck by an arc of lightning.
The lightning grounds out.
Ijyb zaps a wand.
Your will is overpowered!
You are confused.
You hit Ijyb but do no damage.
Your weapon exudes an aura of protection.
Ijyb is almost dead.
Ijyb closely misses you.
Your magical contamination has completely faded away.
You're too confused to move!
Ijyb hits you with a +5 spectral club.
You hit Ijyb but do no damage.
Ijyb is almost dead.
Ijyb misses you.
You bump into the rock wall.
Ijyb hits you with a +5 spectral club.
You closely miss Ijyb.
Ijyb is almost dead.
Ijyb hits you but does no damage.
You bump into the rock wall.
You feel less confused. Ijyb hits you with a +5 spectral club.
* * * LOW HITPOINT WARNING * * *
You hit Ijyb but do no damage.
Ijyb is almost dead.
Ijyb zaps a wand.
Your will is overpowered!
You are confused.
Ijyb barely misses you.
You fly upwards.
Level annotation: Sigmund
There is a stone staircase leading down here.
You bump into the rock wall.
Ijyb closely misses you.
You bump into the rock wall.
You feel less confused. Ijyb misses you.
Casting: Static Discharge (safe; 7% risk of failure)
Confirm with . or Enter, or press ? or * to list all spells.
Okay, then.
You closely miss Ijyb.
Ijyb is almost dead.
Ijyb hits you with a +5 spectral club!
You die...

..# #.....##'#.#...)..#.#
..###......#.#.########.#
.#....####.#.#..........#
.#....##...#.......######
##....##...#####........#
##....##÷...####.#.####.#
.'......†........>...##.#
##........#..###g###.##.#
##.........#.###@# #.##.#
+..........#..##.# #....#
##.........##.##.# ######
...........##.##.#
..##).....###.##.#
..##......# #..#.#
..##......# ##.#.#
###########
..##.#########...#
#.........#
..##.............#
#.#######.#


You could see Ijyb.

Vanquished Creatures
  Robin (D:2)
  3 worms (D:2)
  2 dart slugs (D:1)
  3 bats
  5 endoplasms
  A giant cockroach (D:1)
  8 goblins
  6 hobgoblins
  11 jackals
  2 quokkas (D:1)
  2 ball pythons
  3 frilled lizards
  2 kobolds
  3 rats
52 creatures vanquished.

Notes
Turn   | Place    | Note
-------+----------+-------------------------------------------
     0 | D:1      | bilbop the Djinni Air Elementalist began the quest for the
                  | Orb.
     0 | D:1      | Reached XP level 1. HP: 15/15 MP: 0/0
   331 | D:1      | Reached XP level 2. HP: 18/22 MP: 0/0
   337 | D:1      | Found a faded altar of an unknown god.
   834 | D:1      | Reached XP level 3. HP: 16/26 MP: 0/0
   834 | D:1      | Learned a level 1 spell: Foxfire
  1156 | D:1      | Reached skill level 1 in Fighting
  1427 | D:1      | Found Keniqa Sialu's Antique Weapon Emporium.
  1767 | D:2      | Reached skill level 1 in Long Blades
  2347 | D:2      | Reached XP level 4. HP: 23/32 MP: 0/0
  2352 | D:2      | Noticed Robin
  2360 | D:2      | Killed Robin
  2361 | D:2      | Reached skill level 3 in Spellcasting
  2744 | D:2      | Noticed Sigmund
  3273 | D:3      | Noticed Ijyb
  3328 | D:2      | Slain by Ijyb

Illustrated notes

Levels and vault maps discovered:
D:1:      heliophobic_arrival_glass_houses, layout_basic,
          ebering_ecumenical_altar_abandoned, serial_shops, nicolae_shop_crystal
D:2:      layout_basic, minmay_tripent, uniq_sigmund, uniq_robin
D:3:      kennysheep_the_goblin_king, layout_basic, lemuel_crystal_altar,
          amcnicky_altar_gilded, serial_shops, nicolae_shop_behind_doors,
          nrook_mini_vaults, uniq_ijyb, uniq_terence

Skill      XL: |  1  2  3  4 |
---------------+-------------+-----
Stealth        | 2 |  2.2
Fighting       | 1 |  1.4
Long Blades    | 1 |  1.2
Spellcasting   | 3 |  3.1
Dodging        | |  2.1

Action                   |  1- 3 |  4- 6 || total
-------------------------+-------+-------++-------
Melee: Short sword       |     1 |       ||     1
       Dagger            |       |     5 ||     5
 Cast: Shock             |   107 |    51 ||   158
       Static Discharge  |       |     3 ||     3
Armor: Robe              |     3 |       ||     3
       Animal skin       |       |     1 ||     1
Dodge: Dodged            |     8 |     7 ||    15

Table legend: (Time is in decaauts)
 A = Elapsed time spent in this place.
 B = Non-inter-level travel time spent in this place.
 C = Inter-level travel time spent in this place.
 D = Time resting spent in this place.
 E = Time spent auto-exploring this place.
 F = Levels seen in this place.
 G = Mean time per level.
                   A        B        C        D        E       F      G
               +--------+--------+--------+--------+--------+-----+--------+
         Total |   3328 |   3240 |     88 |   1630 |   1224 |   3 | 1109.3 |
       Dungeon |   3328 |   3240 |     88 |   1630 |   1224 |   3 | 1109.3 |
               +--------+--------+--------+--------+--------+-----+--------+

Top non-repeatable levels by time:
     D:1: 1746 daAuts
     D:2: 1512 daAuts
     D:3: 68 daAuts
